 Dungeon Crawl Stone Soup version 0.32-a0-685-g93135e86f0 (webtiles) character file.

Game seed: 15057879394881811211

14352 Shayle the Fighter (level 12, -2/153 HPs)
             Began as a Coglin Alchemist on Mar 12, 2024.
             Was a Follower of Ashenzari.
             Incinerated by a smoke demon (4 damage)
             ... with a pyre arrow
             ... on level 11 of the Dungeon.
             The game lasted 00:33:33 (11929 turns).

Shayle the Fighter (Coglin Alchemist)              Turns: 11929, Time: 00:33:33

Health: -2/153     AC: 26    Str: 11    XL:     12   Next: 15%
Magic:  14/14      EV:  2    Int: 14    God:    Ashenzari [*.....]
Gold:   420        SH:  0    Dex: 18    Spells: 13/14 levels left

rFire   + . .        x - +7 sling (flame) {Publius}
rCold   + . .        h - +0 sling {Chiraphon}
rNeg    . . .        E - melded +0 acid dragon scales
rPois   +            p - melded +1 helmet
rElec   +            s - melded +2 cloak of Ashenzari's Free Will {Melee, Dev} (curse)
rCorr   +            r - melded +1 pair of gloves of Ashenzari's Seeker {Elem, Bglg} (curse)
SInv    .            (boots currently unavailable)
Will    .....        (no amulet)
Stlth   +            (no ring)
HPRegen 0.45/turn    (no ring)
MPRegen 0.14/turn    (no gizmo)

%: no passive effects
@: on fire, tree-form, resistant, slowed, glowing, revving, very slow
A: stationary, stasis, torment immunity, boosted hp, off-hand wielding, slow
wielding, warmup strikes, (no jewellery)
a: Invent Gizmo, Renounce Religion, Curse Item, Shatter the Chains


You were on level 11 of the Dungeon.
You worshipped Ashenzari.
Ashenzari was aware of your devotion.
You were a tree.
You visited 3 branches of the dungeon, and saw 13 of its levels.

You collected 731 gold pieces.
You spent 311 gold pieces at shops.

Inventory:

Hand Weapons
 d - a +0 sling {Aula}
 h - a +0 sling (offhand) {Chiraphon}
 j - a +2 dagger of protection
 m - a +4 scimitar of freezing
 x - a +7 sling of flaming (weapon) {Publius}
Missiles
 y - 8 curare-tipped darts
Armour
 a - a +0 robe
 p - a +1 helmet (melded)
 r - the cursed +1 pair of gloves of Ashenzari's Seeker (melded) {Elem, Bglg}
   (You found it on level 3 of the Dungeon)

   It has a curse which improves the following skills: Elements: Fire Magic, Ice
   Magic, Air Magic and Earth Magic.
   Beguiling: Hexes and Translocations.
 s - the cursed +2 cloak of Ashenzari's Free Will (melded) {Melee, Dev}
   (You found it on level 8 of the Dungeon)

   It has a curse which improves the following skills: Melee Combat: Short
   Blades, Long Blades, Axes, Maces & Flails, Polearms, Staves and Unarmed
   Combat.
   Devices:   Evocations and Shapeshifting.
 A - a +2 leather armour of fire resistance
 E - +0 acid dragon scales (melded)
Magical Staves
 l - a staff of conjuration
Wands
 i - a wand of polymorph (3)
 u - a wand of digging (7)
 B - a wand of mindburst (18)
 C - a wand of warping (2)
Scrolls
 e - 2 scrolls of revelation
 f - 2 scrolls of immolation
 g - 3 scrolls of noise
 n - 2 scrolls of fog
 q - a scroll of silence
Potions
 b - 4 potions of magic
 c - a potion of attraction
 k - a potion of brilliance
 t - 2 potions of might
 w - a potion of resistance
 z - a potion of enlightenment


   Skills:
 + Level 12.1 Fighting
 + Level 11.1 Ranged Weapons
 - Level 1.7 Dodging
 - Level 1.5 Stealth
 - Level 1.7 Spellcasting
 - Level 0.8 Conjurations
 + Level 5.8 Hexes
 + Level 6.3 Translocations
 - Level 3.2 Alchemy


You had 13 spell levels left.
You knew the following spells:

 Your Spells              Type           Power      Damage    Failure   Level
a - Sting                 Conj/Alch      28%        1d4       11%         1

Your spell library contained the following spells:

 Spells                   Type           Power      Damage    Failure   Level
 Slow                     Hex            68%        N/A       2%          1
 Gell's Gravitas          Tloc           19%        N/A       5%          3
 Teleport Other           Tloc           19%        N/A       5%          3
 Confusing Touch          Hex            17%        N/A       7%          3
 Mercury Vapours          Alch/Air       10%        N/A       19%         2
 Dazzling Flash           Conj/Hex       20%        N/A       19%         3
 Necrotise                Necr           4%         1d4       24%         1
 Mephitic Cloud           Conj/Alch/Air  5%         N/A       38%         3
 Stone Arrow              Conj/Erth      4%         3d7       52%         3
 Olgreb's Toxic Radiance  Alch           10%        N/A       54%         4
 Vampiric Draining        Necr           1%         2d6       58%         3
 Sticky Flame             Fire/Alch      5%         2d4       77%         4
 Silence                  Hex/Air        4%         N/A       90%         5
 Animate Armour           Summ/Erth      2%         N/A       94%         4
 Martyr's Knell           Necr/Summ      1%         N/A       94%         4
 Dispersal                Tloc           9%         N/A       95%         6
 Curse of Agony           Necr           1%         N/A       100%        5
 Lehudib's Crystal Spear  Conj/Erth      1%         10d2      100%        8


Dungeon Overview and Level Annotations

Branches:
Dungeon (11/15)            Temple (1/1) D:6            Lair (1/5) D:10
    Orc: D:9-12

Altars:
Ashenzari
Cheibriados
Dithmenos
Elyvilon
Fedhas
Gozag
Hepliaklqana
Kikubaaqudgha
Makhleb
Nemelex Xobeh
Okawaru
Qazlal
Ru
Sif Muna
Trog
Uskayaw
Vehumet
Wu Jian
Xom
Yredelemnul
Zin
The Shining One
Beogh

Shops:
D:3 :   D:4 (   D:7 *

Annotations:
D:2 1 runed translucent door, Crazy Yiuf
D:7 3 runed translucent doors, DiddlyDoom's ghost, novice GrEE
D:8 2 transporters, madasgardian's ghost, novice CoAr
D:11 Grum


Innate Abilities, Weirdness & Mutations

You are a tree.
Your roots penetrate the ground, keeping you stationary.
You cannot be teleported.
You are immune to unholy pain and torment.
Your maximum health is greatly increased.
Your equipment is partially melded.
You can wield a second weapon in your off-hand.
It takes a long time for you to wield or remove held weapons.
Your first few attacks do less damage.
((You cannot equip rings or amulets.))


Message History

You are covered in intense liquid fire!
The kobold demonologist hits you but does no damage.
You shoot a sling bullet.
The sling bullet barely misses the kobold demonologist.
You shoot a sling bullet.
The sling bullet closely misses the kobold demonologist.
The liquid fire burns you! The smoke demon gestures at you.
Something smites you!
The kobold demonologist hits you with a +0 dagger.
* * * LOW HITPOINT WARNING * * *
The kobold demonologist mumbles some strange words.
The smoke demon hits you but does no damage. x3
You shoot a sling bullet.
The sling bullet hits the kobold demonologist.
The kobold demonologist is almost dead.
You shoot a sling bullet.
The sling bullet hits the kobold demonologist!
The sling bullet burns the kobold demonologist.
You kill the kobold demonologist!
The smoke demon disappears in a puff of smoke!
The sixfirhy disappears in a puff of smoke!
The liquid fire burns you!
* * * LOW HITPOINT WARNING * * *
Unknown command.
Okay, then.
You feel protected. The liquid fire burns you!
* * * LOW HITPOINT WARNING * * *
Unknown command.
The liquid fire burns you!
* * * LOW HITPOINT WARNING * * *
The liquid fire burns you!
* * * LOW HITPOINT WARNING * * *
The liquid fire burns you!
* * * LOW HITPOINT WARNING * * *
The liquid fire burns you!
* * * LOW HITPOINT WARNING * * *
The liquid fire burns you!
You die...

#.######## #.#.###.# #
#.##.....# #>#..##.#
#.#####.##.....# #.......#
#.......##.....# ####.####
####.#####.....# #.#
####.#####.....######.#
#....<..####.......##.#
#.##.##.# #.#####.##†#
#....##.# #♣#####.##.#
#..####.# #)##.......######
#..####.####)))....#.......#
#..........)).#.##)#.#####.#
##.####.#..........#.#
######.........##.#.##^#.#
......#####.#.......##.#.#
#####.# #.#.#........#..
#.### #.#.#.).#.######


There were no monsters in sight!

Vanquished Creatures
  Josephine (D:11)
  A hydra (Lair:1)
  A deep elf pyromancer (D:9)
  Maurice (D:9)
  5 elephants
  A cane toad (Lair:1)
  5 kobold demonologists
  A troll (D:8)
  A hornet (D:7)
  Grinder (D:3)
  5 wraiths
  12 yaks
  3 wyverns
  A steam dragon (D:7)
  Menkaure (D:7)
  An acid dragon (D:10)
  2 water moccasins (Lair:1)
  2 ice beasts (D:6)
  A black bear (D:6)
  7 orc warriors
  An ogre (D:6)
  3 wolves (D:10)
  6 centaurs
  7 kobold brigands
  3 scorpions (D:6)
  6 bullfrogs
  12 wights
  9 killer bees (D:7)
  3 howler monkeys
  4 hounds
  6 orc priests
  A jelly (D:7)
  A gnoll bouda (D:7)
  A sleepcap (D:4)
  Jessica (D:3)
  4 iguanas
  9 orc wizards
  13 gnolls
  5 adders
  A shadow imp (D:7)
  2 white imps
  4 ribbon worms
  2 dart slugs
  43 orcs
  4 bats
  7 endoplasms
  18 goblins
  9 hobgoblins
  4 jackals (D:3)
  3 quokkas
  4 ball pythons
  5 frilled lizards
  20 kobolds
  2 rats
276 creatures vanquished.

Vanquished Creatures (others)
  An orc wizard (D:3)
1 creature vanquished.

Grand Total: 277 creatures vanquished

Notes
Turn   | Place    | Note
-------+----------+-------------------------------------------
     0 | D:1      | Shayle the Coglin Alchemist began the quest for the Orb.
     0 | D:1      | Reached XP level 1. HP: 13/13 MP: 3/3
   125 | D:1      | Reached skill level 1 in Fighting
   186 | D:1      | Reached XP level 2. HP: 21/21 MP: 4/4
   201 | D:1      | Reached skill level 1 in Ranged Weapons
   258 | D:1      | You fall into a shaft and drop 1 floor!
   400 | D:2      | Found a snail-covered altar of Cheibriados.
   471 | D:2      | Found a runed translucent door.
   472 | D:2      | Noticed Crazy Yiuf
   686 | D:2      | Reached XP level 3. HP: 27/27 MP: 5/5
   880 | D:1      | Found a faded altar of an unknown god.
   966 | D:1      | Reached skill level 2 in Fighting
  1457 | D:2      | Reached XP level 4. HP: 21/34 MP: 6/6
  2012 | D:3      | Found Uvygiumn's Book Shop.
  2067 | D:3      | Reached skill level 3 in Fighting
  2067 | D:3      | Reached XP level 5. HP: 36/41 MP: 7/7
  2342 | D:3      | Noticed Grinder
  2347 | D:3      | Paralysed by Grinder for 5 turns
  2360 | D:3      | Paralysed by Grinder for 5 turns
  2373 | D:3      | Paralysed by Grinder for 3 turns
  2376 | D:3      | Killed Grinder
  2377 | D:3      | Reached skill level 4 in Fighting
  2377 | D:3      | Reached XP level 6. HP: 11/49 MP: 8/8
  2658 | D:3      | Noticed Jessica
  2665 | D:3      | Killed Jessica
  2808 | D:4      | Found a white marble altar of Elyvilon.
  2904 | D:4      | Found Osuadane's Antique Weapon Shoppe.
  2920 | D:4      | Bought a glowing sling for 108 gold pieces
  2965 | D:4      | Reached XP level 7. HP: 55/55 MP: 9/9
  3116 | D:4      | Found a broken altar of Ashenzari.
  3267 | D:4      | Found a glowing silver altar of Zin.
  3345 | D:5      | Entered Level 5 of the Dungeon
  3352 | D:5      | Reached skill level 5 in Fighting
  4257 | D:5      | Identified the ring of Leimm {Str+3 Slay+4}
  4556 | D:6      | Found a basalt altar of Yredelemnul.
  4565 | D:6      | Found a shimmering blue altar of Sif Muna.
  4805 | D:6      | Found a staircase to the Ecumenical Temple.
  4809 | Temple   | Entered the Ecumenical Temple
  4861 | D:4      | Became a worshipper of Ashenzari the Shackled
  4920 | D:6      | Reached skill level 5 in Ranged Weapons
  5059 | D:6      | Reached skill level 6 in Fighting
  5059 | D:6      | Reached XP level 8. HP: 63/64 MP: 10/10
  5220 | D:6      | Found a glowing golden altar of the Shining One.
  5253 | D:6      | Found a hide-covered altar of Uskayaw.
  5345 | D:6      | Noticed a yak
  5346 | D:6      | Noticed a yak
  5365 | D:6      | Killed a yak
  5366 | D:6      | Reached skill level 7 in Fighting
  5397 | D:6      | Noticed a yak
  5400 | D:6      | Noticed a yak
  5409 | D:5      | Killed a yak
  5567 | D:5      | Killed a yak
  5568 | D:5      | Reached XP level 9. HP: 50/74 MP: 11/11
  5657 | D:6      | Reached skill level 8 in Fighting
  6312 | D:7      | Found a runed translucent gate.
  6313 | D:7      | Found a runed translucent gate.
  6313 | D:7      | Noticed DiddlyDoom's ghost (novice GrEE)
  6314 | D:7      | Found a runed translucent gate.
  6729 | D:7      | Reached skill level 9 in Fighting
  7230 | D:7      | Noticed a hornet
  7236 | D:7      | Paralysed by a hornet for 3 turns
  7243 | D:7      | Paralysed by a hornet for 2 turns
  7247 | D:7      | Paralysed by a hornet for 1 turns
  7285 | D:7      | Reached XP level 10. HP: 24/84 MP: 12/12
  7486 | D:7      | Noticed Menkaure
  7491 | D:7      | Killed Menkaure
  7610 | D:7      | Reached skill level 10 in Fighting
  7617 | D:7      | Found an ornate altar of the Wu Jian Council.
  7659 | D:7      | Found Menal's General Store.
  7662 | D:7      | Bought a scroll of enchant weapon for 105 gold pieces
  7662 | D:7      | Bought a potion of might for 56 gold pieces
  7662 | D:7      | Bought a scroll of teleportation for 42 gold pieces
  7710 | D:7      | Found a roughly hewn altar of Beogh.
  7745 | D:8      | Noticed a white ugly thing
  7884 | D:8      | Noticed a two-headed ogre
  8288 | D:8      | Noticed madasgardian's ghost (novice CoAr)
  8308 | D:8      | Found a transporter.
  8388 | D:8      | Noticed a kobold demonologist
  8398 | D:8      | Found a transporter.
  8556 | D:8      | Reached skill level 1 in Translocations
  8560 | D:8      | Reached skill level 1 in Hexes
  8825 | D:9      | Noticed Maurice
  8832 | D:9      | Maurice stole 165 gold
  8834 | D:9      | Killed Maurice
  8860 | D:9      | Found a shimmering altar of Xom.
  8860 | D:9      | Found a shimmering altar of Xom.
  8860 | D:9      | Found a shimmering altar of Xom.
  8861 | D:9      | Found a shimmering altar of Xom.
  8886 | D:9      | Reached * piety under Ashenzari
  8886 | D:9      | Reached ** piety under Ashenzari
  8993 | D:9      | Noticed a deep elf pyromancer
  9003 | D:9      | Killed a deep elf pyromancer
  9419 | D:10     | Entered Level 10 of the Dungeon
  9430 | D:10     | Noticed a kobold demonologist
  9431 | D:10     | Noticed a kobold demonologist
  9437 | D:10     | Reached skill level 10 in Ranged Weapons
  9437 | D:10     | Noticed a kobold demonologist
  9446 | D:9      | Killed a kobold demonologist
  9447 | D:9      | Reached XP level 11. HP: 80/92 MP: 13/13
  9496 | D:9      | Reached skill level 11 in Fighting
  9606 | D:10     | Found a blossoming altar of Fedhas.
  9843 | D:9      | Identified Sif Muna's Codex of the Storm and the Alembic
 10224 | D:10     | Found a staircase to the Lair.
 10256 | D:10     | Found an opulent altar of Gozag.
 10256 | D:10     | Found a sacrificial altar of Ru.
 10256 | D:10     | Found an iron altar of Okawaru.
 10544 | Lair:1   | Entered Level 1 of the Lair of Beasts
 10861 | D:10     | Reached skill level 5 in Translocations
 11063 | Lair:1   | Noticed a six-headed hydra
 11068 | Lair:1   | Reached skill level 5 in Hexes
 11070 | Lair:1   | Killed a six-headed hydra
 11285 | D:11     | Noticed Josephine
 11313 | D:11     | Killed Josephine
 11510 | D:11     | Noticed Grum
 11512 | D:11     | Reached XP level 12. HP: 67/102 MP: 14/14
 11777 | D:11     | Reached skill level 12 in Fighting
 11927 | D:11     | HP: 3/153 [burnt (9)]
 11928 | D:11     | HP: 1/153 [burnt (2)]
 11929 | D:11     | Incinerated by a smoke demon

Illustrated notes

Levels and vault maps discovered:
D:1:      minmay_arrival_four_loops, layout_basic, ebering_ecumenical_altar_mist
D:2:      layout_loops_corners, basic_altar, uniq_crazy_yiuf_cottage
D:3:      layout_loops_ring, serial_shops, nicolae_shop_stone, uniq_jessica,
          uniq_grinder
D:4:      layout_cave_pools, mainiacjoe_overflow_alcove_1, zin_treasury,
          evilmike_ruin_ashenzari, serial_shops, nicolae_shop_overgrown_old_shop
D:5:      layout_layer_cave
D:6:      layout_rooms, mainiacjoe_overflow_catwalk, grunt_temple_overflow_open,
          nicolae_tso_swordbearing_angel, minmay_ogre_servants
D:7:      layout_basic, mainiacjoe_overflow_concentric_impassable, serial_shops,
          nicolae_shop_window_shopping, biasface_ghost_orc_armoury,
          kennysheep_windowed_goal, uniq_menkaure
D:8:      layout_basic, nzn_ghost_randoct
D:9:      layout_cave_pools, xom_shifter_show, uniq_maurice
D:10:     layout_basic, gammafunk_temple_overflow_claw, fedhas_altar_1,
          lair_entry_dummy
D:11:     layout_loops_cross, erik_orc_4, uniq_grum, uniq_snorg, uniq_josephine
Temple:   nicolae_temple_bog_church
Lair:1:   layout_cave_pods, amcnicky_mini_pool_medium, uniq_nergalle

Skill      XL: |  1  2  3  4  5  6  7  8  9 10 11 12 |
---------------+-------------------------------------+-----
Fighting       | 1 2 3 4 6 7 9 10 11 12 | 12.1
Ranged Weapons | 1 2 3 4 5 7 8 10 11 | 11.1
Translocations | 3 6 |  6.3
Hexes          | 3 5 |  5.8
Dodging        | |  1.7
Stealth        | |  1.5
Spellcasting   | |  1.7
Conjurations   | |  0.8
Alchemy        | |  3.2

Action                     |  1- 3 |  4- 6 |  7- 9 | 10-12 || total
---------------------------+-------+-------+-------+-------++-------
  Melee: Sling             |       |    15 |       |     8 ||    23
   Fire: Sling             |   202 |   234 |   680 |   864 ||  1980
   Cast: Sting             |     5 |       |       |       ||     5
 Invoke: Curse Item        |       |       |     1 |     1 ||     2
  Evoke: Wand              |       |       |     5 |    14 ||    19
    Use: Potion            |       |     2 |     7 |     5 ||    14
         Scroll            |       |     5 |    15 |     3 ||    23
 Armour: Robe              |    18 |    40 |     5 |       ||    63
         Leather armour    |       |       |   161 |    96 ||   257
         Acid dragon scale |       |       |       |   220 ||   220
         Skin              |       |       |       |    17 ||    17
  Dodge: Dodged            |    24 |    35 |   145 |   217 ||   421

Table legend: (Time is in decaauts)
 A = Elapsed time spent in this place.
 B = Non-inter-level travel time spent in this place.
 C = Inter-level travel time spent in this place.
 D = Time resting spent in this place.
 E = Time spent auto-exploring this place.
 F = Levels seen in this place.
 G = Mean time per level.
                   A        B        C        D        E       F      G
               +--------+--------+--------+--------+--------+-----+--------+
         Total |  12090 |  11547 |    543 |   2584 |   6587 |  13 |  930.0 |
       Dungeon |  11630 |  11089 |    541 |   2477 |   6405 |  11 | 1057.3 |
        Temple |      1 |      0 |      1 |      0 |      0 |   1 |    1.0 |
          Lair |    457 |    457 |      0 |    107 |    182 |   1 |  457.0 |
               +--------+--------+--------+--------+--------+-----+--------+

Top non-repeatable levels by time:
     D:7: 1696 daAuts
     D:5: 1636 daAuts
     D:6: 1226 daAuts
    D:10: 1193 daAuts
     D:9: 1170 daAuts
     D:2: 1131 daAuts
     D:8: 871 daAuts
     D:3: 858 daAuts
     D:1: 842 daAuts
     D:4: 657 daAuts
  Lair:1: 457 daAuts
    D:11: 345 daAuts
  Temple: 1 daAuts
